 Dungeon Crawl Stone Soup version bcrawl-1.40.1 (webtiles) character file.

Game seed: 1886129652075602758

347090 Wachungys the Fighter (level 11, -3/108 HPs)
             Began as a Naga Archaeologist on Oct 30, 2023.
             Was an Elder of Sif Muna.
             Slain by a bog body (5 damage)
             ... on level 2 of the Lair of Beasts.
             The game lasted 00:31:22 (8826 turns).

Wachungys the Fighter (Naga Archaeologist)          Turns: 8826, Time: 00:31:22

Health: -3/108     AC: 21    Str: 19    XL:     11   Next: 12%
Magic:  20/20      EV:  8    Int: 23    God:    Sif Muna [****..]
Gold:   677        SH:  0    Dex:  7    Spells: 16/22 levels left

rFire    . . .     GDR:     24% Q - +9 falchion "Suguca" {freeze, Str-4 Int+5}
rCold    + + .     SeeInvis +   (no shield)
rNeg     . . .     Gourm    .   B - +3 leather armour {MR+}
rPois    +         Faith    .   d - +1 hat
rElec    .         Spirit   .   (no cloak)
rCorr    +         Reflect  .   L - +0 pair of gloves
MR       ++...                  h - +3 barding of Watchfulness {rC+ rCorr}
Stlth    ++++......             (no amulet)
HPRegen  0.28/turn              w - ring of protection from cold
MPRegen  0.17/turn              m - +4 ring of strength

@: mighty, very slow
A: large, tail, swims, yellow scales 1, see invisible, clumsy 1, deformed body,
poison resistance, slowness 2, slow metabolism 1, spit poison 1, subdued magic
1, AC +3
a: Spit Poison, Divine Energy, Channel Magic, Forget Spell, Renounce Religion


You were on level 2 of the Lair of Beasts.
You worshipped Sif Muna.
Sif Muna was greatly pleased with you.
You were not hungry.

You visited 2 branches of the dungeon, and saw 10 of its levels.
You also visited: Ossuary.

You collected 677 gold pieces.

Inventory:

Hand Weapons
 a - a +0 whip
 b - a +0 blowgun
 l - a +2 long sword of slicing
 Q - the +9 falchion "Suguca" (weapon) {freeze, Str-4 Int+5}
   (You found it on level 1 of the Lair of Beasts)

   It has been specially enchanted to freeze those struck by it, increasing
   damage dealt by approximately one third against foes not resistant or
   susceptible to cold, and potentially slowing cold-blooded foes.
   It affects your strength (-4).
   It affects your intelligence (+5).
Missiles
 f - 6 curare-tipped needles
 q - 364 poisoned needles
 K - 25 poisoned tomahawks (quivered)
 O - 37 needles of confusion
Armour
 c - a +1 robe
 d - a +1 hat (worn)
 h - the +3 barding of Watchfulness (worn) {rC+ rCorr}
   (You acquired it on level 3 of the Dungeon)

   It protects you from cold.
   It provides partial protection from all sources of acid and corrosion.
 B - a +3 leather armour of magic resistance (worn)
 L - a +0 pair of gloves (worn)
Jewellery
 m - a +4 ring of strength (right hand)
 n - an uncursed ring of protection from magic
 s - an uncursed ring of see invisible
 w - a ring of protection from cold (left hand)
 C - an uncursed ring of resist corrosion
Wands
 x - a wand of paralysis (9)
 D - a wand of digging (7)
 R - a wand of polymorph (8)
Scrolls
 i - a scroll of identify
 j - 2 scrolls of immolation {unknown}
 k - 5 scrolls of remove curse
 o - a scroll of enchant weapon {unknown}
 p - 3 scrolls of teleportation
 r - 5 scrolls of fear {unknown}
 u - 2 scrolls of blinking {unknown}
 y - a scroll of noise {unknown}
 z - 3 scrolls of amnesia {unknown}
 A - a scroll of revelation
 E - 2 scrolls of enchant armour {unknown}
Potions
 g - 3 potions of cancellation
 t - 3 potions of agility
 v - 3 potions of mutation
 F - a potion of might
 G - 3 potions of brilliance
 H - 3 potions of curing
 I - a potion of ambrosia
 J - a potion of magic
 N - a potion of lignification
 P - a potion of flight
Comestibles
 e - 12 rations {!d}
 M - 2 chunks of flesh


   Skills:
 - Level 10.0 Fighting
 - Level 1.0 Maces & Flails
 + Level 5.6 Armour
 + Level 5.6 Dodging
 - Level 10.0 Stealth
 - Level 6.1 Spellcasting
 + Level 2.9 Conjurations
 + Level 3.8 Poison Magic


You had 16 spell levels left.
You knew the following spells:

 Your Spells              Type           Power        Failure   Level  Hunger
a - Poison Arrow          Conj/Pois      ###.......   98%         6    #######

Your spell library contained the following spells:

 Spells                   Type           Power        Failure   Level  Hunger
 Throw Frost              Conj/Ice       ##....       2%          2    None
 Iskenderun's Mystic Bla  Conj           ###.....     7%          3    ##.....
 Stone Arrow              Conj/Erth      ##....       13%         3    ##.....
 Ignite Poison            Fire/Tmut/Pois ##......     14%         3    ##.....
 Lightning Bolt           Conj/Air       ##......     43%         4    ####...
 Bolt of Cold             Conj/Ice       ##........   100%        6    #######


Dungeon Overview and Level Annotations

Branches:
Dungeon (8/12)             Temple (0/1) D:5            Lair (2/6) D:8
  Snake (0/3) Lair:2
  Swamp: Lair:2-4    Shoals: Lair:2-4    Spider: Lair:2-4       Orc: D:8-11

Altars:
Ashenzari
Dithmenos
Elyvilon
Fedhas
Gozag
Kikubaaqudgha
Sif Muna
Yredelemnul
Zin

Annotations:
Lair:1 exclusions: 2 downstairs and 2 oklob plants


Innate Abilities, Weirdness & Mutations

You cannot wear boots.
You can swim through water.
Your serpentine skin is tough. (AC +3)
You have supernaturally acute eyesight. (SInv)
Armour fits poorly on your strangely shaped body.
Your system is resistant to poisons. (rPois)
You cover ground very slowly.
You have a slow metabolism.
You can spit poison.
You are partially covered in yellow scales. (AC +2)
You are clumsy. (Dex -2)
Your spells are a little easier to cast, but a little less powerful.


Message History

* * * LOW HITPOINT WARNING * * *
The bog body freezes you. You resist.
* * * LOW HITPOINT WARNING * * *
You hit the swamp worm. You freeze the swamp worm.
The swamp worm is lightly wounded.
The swamp worm barely misses you.
The bog body points at you and mumbles some strange words.
The bolt of cold misses you.
You slash the swamp worm! You freeze the swamp worm.
The swamp worm is heavily wounded.
The swamp worm bites you.
* * * LOW HITPOINT WARNING * * *
The bog body hits you but does no damage.
The swamp worm bites you but does no damage.
You barely miss the swamp worm.
The swamp worm is heavily wounded.
The bog body hits you!
* * * LOW HITPOINT WARNING * * *
The bog body freezes you. You resist.
You die...

... #### .. #.. #.. . ##..
♣♣♣♣♣♣♣ .. ###..♣♣♣≈≈≈≈≈≈≈ #.
.....#...⌠..........
#............wn..♣...♣.♣
##...##...##..@♣♣♣w≈≈≈♣ #....#
....##....♣♣♣♣♣♣ ♣
#...###..............♣♣♣ #
##.P##..##.##.........# #
#........###....#.....### ##
##..#........#...#......P####.
###..<........#....##....P......
##.....÷.#.....##..P###...#.#....
#....)........##...## #.#.P......


You could see a bog body and a swamp worm.

Vanquished Creatures
  A black mamba (Lair:1)
  A cane toad (Lair:1)
  2 komodo dragons
  2 harpy zombies
  A meliai (D:8)
  A polar bear (Lair:1)
  2 bog bodies (Lair:2)
  A meliai zombie (D:4)
  2 hippogriffs
  A basilisk (Lair:2)
  3 yaks
  2 wraiths
  Menkaure (D:6)
  4 nagas (Lair:2)
  5 porcupines
  3 water moccasins
  Duvessa (D:5)
  A crocodile (Lair:2)
  A phantom (D:7)
  An orc warrior (D:8)
  A hornet zombie (D:7)
  A sky beast (D:6)
  2 necrophages
  A black bear (D:7)
  A kobold brigand (D:5)
  11 bullfrogs
  2 centaurs (D:4)
  A scorpion (D:8)
  Dowan (D:5)
  3 orc priests
  4 howler monkeys
  2 bullfrog zombies
  A quasit (D:6)
  A bullfrog skeleton (D:5)
  2 human zombies (Ossuary)
  3 orc wizards
  2 iguanas (D:5)
  2 worker ants
  6 kobold zombies (Ossuary)
  3 hound zombies
  A hound skeleton (D:3)
  3 mummies (Ossuary)
  2 worker ant zombies (D:6)
  3 centaur zombies (Ossuary)
  8 adders
  2 river rats
  A shadow imp (D:5)
  An ooze (D:7)
  5 adder zombies
  2 adder skeletons
  4 worms
  4 dart slugs
  4 leopard geckos
  29 orcs
  3 giant cockroaches
  A gnoll zombie (Ossuary)
  10 goblins
  6 hobgoblins
  9 kobolds
  4 quokkas
  A bat (D:1)
  6 frilled lizards
  5 goblin zombies (Ossuary)
  2 hobgoblin zombies (Ossuary)
  5 jackal zombies (Ossuary)
  An orc zombie (Ossuary)
  A quokka zombie (Ossuary)
  2 rats (D:1)
  4 rat zombies (Ossuary)
215 creatures vanquished.

Vanquished Creatures (others)
  A plant (Lair:1)
1 creature vanquished.

Grand Total: 216 creatures vanquished

Notes
Turn   | Place    | Note
-------+----------+-------------------------------------------
     0 | D:1      | Wachungys the Naga Archaeologist began the quest for the
                  | Orb.
     0 | D:1      | Reached XP level 1. HP: 18/18 MP: 1/1
   140 | D:1      | Reached skill level 5 in Stealth
   170 | D:1      | Reached XP level 2. HP: 25/25 MP: 2/2
   591 | D:1      | Reached XP level 3. HP: 28/31 MP: 3/3
  1048 | D:2      | Found a faded altar of an unknown god.
  1089 | D:2      | Found an opulent altar of Gozag.
  1134 | D:2      | Found a shadowy altar of Dithmenos.
  1225 | D:2      | Reached skill level 1 in Armour
  1643 | D:2      | Found a basalt altar of Yredelemnul.
  1651 | D:2      | Became a worshipper of Yredelemnul the Dark
  1836 | D:2      | Found a shimmering blue altar of Sif Muna.
  1839 | D:2      | Fell from the grace of Yredelemnul
  1839 | D:2      | Became a worshipper of Sif Muna the Loreminder
  2003 | D:3      | Reached XP level 4. HP: 34/39 MP: 4/4
  2240 | D:3      | Reached XP level 5. HP: 37/46 MP: 5/5
  2240 | D:3      | Identified a scroll of acquirement
  2240 | D:3      | Identified the +3 barding of Watchfulness {rC+ rCorr} (You
                  | acquired it on level 3 of the Dungeon)
  2240 | D:3      | Identified the ring "Ollotac" {Ice rElec} (You acquired it
                  | on level 3 of the Dungeon)
  2412 | D:3      | Found a white marble altar of Elyvilon.
  2449 | D:3      | Noticed a wraith
  2801 | D:4      | Reached XP level 6. HP: 23/56 MP: 6/6
  2811 | D:4      | Found a sand-covered staircase.
  2882 | Ossuary  | Entered an ossuary
  3114 | Ossuary  | Reached XP level 7. HP: 53/62 MP: 7/7
  3195 | Ossuary  | Reached * piety under Sif Muna
  3304 | Ossuary  | Noticed a wraith
  3319 | Ossuary  | Killed a wraith
  3327 | Ossuary  | Gained mutation: Your spells are a little easier to cast,
                  | but a little less powerful. [potion of mutation]
  3327 | Ossuary  | Gained mutation: You are clumsy. (Dex -2) [potion of
                  | mutation]
  3327 | Ossuary  | Gained mutation: You are partially covered in yellow
                  | scales. (AC +2) [potion of mutation]
  3862 | D:4      | Noticed a vampire
  3881 | D:5      | Entered Level 5 of the Dungeon
  3971 | D:5      | Noticed Dowan
  3975 | D:5      | Noticed Duvessa
  3985 | D:5      | Killed Dowan
  4006 | D:5      | Killed Duvessa
  4006 | D:5      | Identified Sif Muna's Reference Book on Destructive
                  | Transformation (Sif Muna gifted it to you on level 5 of the
                  | Dungeon)
  4006 | D:5      | Received a gift from Sif Muna
  4204 | D:5      | Found a glowing silver altar of Zin.
  4280 | D:5      | Found a staircase to the Ecumenical Temple.
  4293 | D:5      | Reached skill level 5 in Fighting
  4293 | D:5      | Reached XP level 8. HP: 74/74 MP: 8/8
  4337 | D:5      | Found a shattered altar of Ashenzari.
  4819 | D:6      | Noticed Menkaure
  4875 | D:6      | Killed Menkaure
  5535 | D:6      | Noticed a wraith
  5633 | D:7      | Reached XP level 9. HP: 82/90 MP: 9/9
  5824 | D:7      | Found a blossoming altar of Fedhas.
  5891 | D:7      | Reached ** piety under Sif Muna
  6333 | D:8      | Reached skill level 10 in Fighting
  6333 | D:8      | Reached skill level 1 in Spellcasting
  6337 | D:8      | Noticed a meliai
  6339 | D:8      | Killed a meliai
  6514 | D:8      | Reached *** piety under Sif Muna
  6515 | D:8      | Found a staircase to the Lair.
  6520 | D:8      | Noticed a death yak
  6526 | D:8      | Noticed a death yak
  6527 | D:8      | Noticed a death yak
  6558 | D:8      | Found an ancient bone altar of Kikubaaqudgha.
  6596 | D:8      | Was forgiven by Yredelemnul
  6711 | Lair:1   | Entered Level 1 of the Lair of Beasts
  6711 | Lair:1   | Noticed an oklob plant
  6850 | Lair:1   | Reached skill level 5 in Spellcasting
  6891 | Lair:1   | Noticed a komodo dragon
  6898 | Lair:1   | Killed a komodo dragon
  6899 | Lair:1   | Reached XP level 10. HP: 72/102 MP: 17/19
  7290 | Lair:1   | Got a slimy falchion
  7291 | Lair:1   | Identified the +9 falchion "Suguca" {freeze, Str-4 Int+5}
                  | (You found it on level 1 of the Lair of Beasts)
  7376 | Lair:1   | Noticed a cane toad
  7387 | Lair:1   | Killed a cane toad
  7583 | Lair:1   | Noticed a black mamba
  7589 | Lair:1   | Killed a black mamba
  7782 | Lair:1   | Noticed an oklob plant
  8063 | Lair:2   | Reached skill level 5 in Armour
  8063 | Lair:2   | Reached skill level 5 in Dodging
  8152 | Lair:2   | Identified Xoyv's Catalogue of Attacks (Sif Muna gifted it
                  | to you on level 2 of the Lair of Beasts)
  8152 | Lair:2   | Received a gift from Sif Muna
  8153 | Lair:2   | Reached skill level 10 in Stealth
  8161 | Lair:2   | Learned a level 6 spell: Poison Arrow
  8438 | Lair:2   | Reached skill level 1 in Conjurations
  8438 | Lair:2   | Reached skill level 1 in Poison Magic
  8549 | Lair:2   | Reached **** piety under Sif Muna
  8639 | Lair:2   | Found a staircase to the Snake Pit.
  8661 | Lair:2   | Reached XP level 11. HP: 83/108 MP: 20/20
  8826 | Lair:2   | HP: 2/108 [bog body (10)]
  8826 | Lair:2   | Slain by a bog body

Skill      XL: |  1  2  3  4  5  6  7  8  9 10 11 |
---------------+----------------------------------+-----
Stealth        | 5 6 7 10 | 10.0
Armour         | 1 2 4 5 |  5.6
Fighting       | 2 3 5 8 10 | 10.0
Dodging        | 3 4 5 |  5.6
Spellcasting   | 6 |  6.1
Conjurations   | 2 |  2.9
Poison Magic   | 2 3 |  3.8
Maces & Flails | |  1.0

Action                   |  1- 3 |  4- 6 |  7- 9 | 10-12 || total
-------------------------+-------+-------+-------+-------++-------
Melee: Whip              |    45 |       |       |       ||    45
       Long sword        |    42 |   136 |   487 |    32 ||   697
       Falchion          |       |       |       |   103 ||   103
Throw: Tomahawk          |       |       |    11 |    40 ||    51
 Abil: Spit Poison       |    15 |    17 |    28 |    27 ||    87
Evoke: Wand              |       |       |     2 |       ||     2
  Use: Scroll            |       |     5 |     6 |     2 ||    13
       Potion            |       |     1 |     8 |     1 ||    10
 Stab: Sleeping          |     9 |     5 |     4 |     1 ||    19
  Eat: Chunk             |     5 |     9 |    25 |     9 ||    48
       Ration            |       |       |     1 |     1 ||     2
Armor: Robe              |    27 |   102 |   139 |       ||   268
       Skin              |       |     2 |   113 |       ||   115
       Leather armour    |       |       |   280 |   111 ||   391
Dodge: Dodged            |    43 |    83 |   257 |    53 ||   436
